Map: Romanticide LE

Players

Nina

  • Race: Protoss Protoss
  • League: Grandmaster

DisK - Winner!

  • Race: Protoss Protoss

Event: DreamHack SC2 Masters 2021 Summer

VOD

Have the link to the VOD?

Description

Time

  • Played on: June 4, 2021, 3:41 p.m.
  • Length: 19:26

All games in this series

Show
View Real Time Build Order
Export as new Build Order

Nina Protoss 

Build Orders: Phoenix Opening 

Get SALT Encoding   

  12  0:00  Probe  
  13  0:12  Probe  
  14  0:17  Pylon  
  14  0:24  Probe (Chrono Boost)  
  15  0:36  Probe (Chrono Boost)  
  15  0:38  Gateway  
  16  0:45  Probe (Chrono Boost)  
  17  0:50  Assimilator  
  17  0:51  Probe  
  17  0:55  Assimilator  
  18  1:03  Probe (Chrono Boost)  
  19  1:08  Gateway  
  20  1:12  Probe (Chrono Boost)  
  20  1:17  Probe (Chrono Boost)  
  20  1:25  Cybernetics Core  
  21  1:29  Probe  
  22  1:35  Pylon  
  22  1:41  Probe  
  23  1:53  Probe  
  24  2:02  Stalker x2, Warp Gate  
  28  2:10  Pylon  
  28  2:11  Probe  
  29  2:21  Pylon  
  29  2:24  Probe  
  30  2:35  Sentry  
  32  2:37  Sentry  
  32  2:38  Probe  
  35  2:50  Probe  
  36  2:53  Pylon  
  36  2:55  Shield Battery  
  36  3:00  Shield Battery  
  36  3:05  Probe  
  37  3:08  Phoenix  
  37  3:09  Sentry  
  37  3:11  Stalker  
  41  3:26  Nexus  
  41  3:29  Probe  
  42  3:42  Probe, Twilight Council  
  43  3:51  Stalker  
  43  3:54  Probe  
  46  4:00  Twilight Council  
  46  4:08  Probe  
  47  4:17  Pylon, Blink (Chrono Boost)  
  47  4:25  Pylon  
  47  4:35  Probe (Chrono Boost)  
  47  4:37  Forge, Stalker  
  50  4:38  Probe (Chrono Boost)  
  50  4:44  Stalker  
  54  4:47  Probe (Chrono Boost)  
  54  4:49  Probe (Chrono Boost)  
  54  4:52  Probe (Chrono Boost)  
  55  4:53  Probe (Chrono Boost)  
  55  5:02  Probe  
  55  5:05  Probe  
  57  5:09  Pylon  
  57  5:15  Nexus  
  57  5:18  Probe x2  
  57  5:21  Protoss Ground Weapons Level 1 (Chrono Boost)  
  58  5:25  Assimilator  
  58  5:26  Probe  
  58  5:31  Probe  
  58  5:34  Probe  
  60  5:36  Stalker  
  60  5:39  Stalker  
  65  5:43  Probe  
  65  5:46  Robotics Facility  
  66  5:51  Pylon  
  66  5:52  Probe  
  67  6:02  Gateway, Stalker  
  69  6:06  Gateway  
  69  6:09  Gateway  
  69  6:13  Probe x2  
  71  6:21  Gateway  
  71  6:25  Probe x2  
  73  6:30  Probe, Gateway  
  74  6:36  Photon Cannon  
  74  6:39  Observer (Chrono Boost)  
  75  6:40  Probe x2, Photon Cannon  
  75  6:42  Probe  
  78  6:48  Pylon  
  78  6:53  Probe (Chrono Boost)  
  78  6:54  Probe (Chrono Boost)  
  80  6:56  Observer  
  80  6:58  Stalker  
  80  6:59  Probe (Chrono Boost), Stalker  
  86  7:05  Probe (Chrono Boost)  
  89  7:10  Probe (Chrono Boost)  
  89  7:11  Probe (Chrono Boost), Stalker x2  
  89  7:13  Stalker  
  95  7:19  Shield Battery  
  95  7:24  Stalker x2  
  97  7:31  Warp Prism (Chrono Boost)  
  97  7:33  Probe  
  97  7:35  Protoss Ground Weapons Level 2  
  101  7:41  Assimilator  
  100  7:45  Assimilator  
  100  7:46  Charge  
  100  7:51  Pylon  
  100  7:54  Robotics Bay  
  100  7:55  Assimilator  
  100  7:57  Pylon  
  100  7:58  Stalker x2  
  100  8:05  Stalker x2  
  108  8:10  Photon Cannon  
  108  8:20  Probe  
  108  8:21  Probe, Robotics Facility  
  108  8:22  Probe  
  108  8:25  Stalker x3  
  117  8:39  Stalker x4  
  125  8:43  Observer  
  126  8:54  Nexus  
  126  8:57  Probe  
  126  8:58  Observer  
  126  8:59  Pylon x2  
  127  9:03  Pylon  
  127  9:04  Disruptor (Chrono Boost)  
  127  9:08  Probe  
  131  9:13  Probe  
  131  9:15  Disruptor (Chrono Boost)  
  135  9:21  Probe  
  136  9:28  Shield Battery  
  136  9:30  Probe, Photon Cannon  
  136  9:31  Probe  
  138  9:35  Observer, Disruptor (Chrono Boost)  
  138  9:36  Probe, Photon Cannon  
  139  9:42  Disruptor  
  141  9:49  Photon Cannon, Dark Shrine  
  141  9:51  Photon Cannon  
  141  9:53  Pylon x2  
  141  9:59  Zealot x2  
  145  10:00  Observer  
  145  10:04  Photon Cannon  
  145  10:05  Disruptor  
  145  10:06  Zealot  
  150  10:12  Probe (Chrono Boost)  
  151  10:14  Probe (Chrono Boost)  
  151  10:18  Disruptor, Pylon  
  151  10:19  Probe (Chrono Boost)  
  156  10:26  Probe (Chrono Boost)  
  157  10:30  Probe (Chrono Boost)  
  157  10:32  Probe  
  157  10:33  Probe  
  160  10:41  Disruptor  
  163  10:47  Stalker x7  
  177  10:50  Probe x2  
  177  10:53  Disruptor  
  182  10:59  Probe  
  182  11:00  Assimilator  
  182  11:03  Assimilator  
  183  11:17  Observer  
  164  11:27  Stalker x3  
  164  11:28  Stalker x4  
  164  11:29  Disruptor  
  178  11:38  Disruptor  
  169  12:05  Disruptor  
  156  12:10  Probe  
  156  12:12  Stalker x2  
  156  12:13  Disruptor, Stalker x4  
  148  12:27  Stalker  
  118  12:32  Gateway  
  118  12:37  Gateway x2  
  114  12:38  Stalker x6  
  114  12:39  Shadow Stride  
  114  12:40  Disruptor  
  114  12:41  Nexus  
  129  12:44  Pylon  
  129  12:47  Pylon  
  129  12:49  Disruptor  
  132  12:58  Probe  
  133  13:00  Stalker  
  133  13:01  Stalker x4  
  130  13:14  Zealot x2  
  130  13:16  Disruptor  
  134  13:20  Robotics Facility  
  134  13:24  Zealot x3  
  134  13:25  Disruptor, Zealot x2  
  146  13:39  Observer  
  141  13:43  Stalker x5  
  141  13:45  Nexus  
  141  13:46  Probe x2  
  155  13:56  Disruptor (Chrono Boost)  
  124  14:08  Disruptor (Chrono Boost)  
  124  14:09  Zealot x4  
  115  14:10  Disruptor (Chrono Boost)  
  105  14:17  Zealot  
  107  14:28  Zealot  
  107  14:29  Disruptor (Chrono Boost), Zealot x8  
  107  14:31  Observer  
  128  14:35  Disruptor (Chrono Boost)  
  132  14:41  Dark Templar  
  132  14:43  Observer (Chrono Boost)  
  134  14:49  Stalker  
  134  14:50  Stalker x2  
  134  14:51  Pylon  
  140  14:53  Disruptor  
  140  14:57  Disruptor  
  140  14:58  Unknown  
  146  15:05  Observer  
  147  15:09  Stalker x2  
  148  15:15  Observer  
  148  15:23  Stalker x2  
  148  15:25  Disruptor  
  155  15:29  Photon Cannon, Disruptor  
  155  15:31  Shield Battery  
  155  15:33  Disruptor  
  161  15:37  Photon Cannon  
  161  15:54  Dark Templar x4  
  167  16:03  Disruptor  
  155  16:11  Disruptor  
  135  16:15  Probe  
  135  16:16  Zealot x6  
  138  16:30  Dark Templar x2  
  94  16:46  Nexus  
  90  16:58  Stalker x2  
  82  17:03  Disruptor (Chrono Boost)  
  82  17:06  Disruptor (Chrono Boost)  
  88  17:16  Stalker  
  90  17:25  Disruptor (Chrono Boost)  
  90  17:29  Observer  
  93  17:44  Zealot x4  
  96  17:53  Disruptor  
  96  17:58  Stalker  
  100  18:12  Stalker x2  
  103  18:21  Zealot x2  
  103  18:25  Dark Templar  
  109  18:27  Dark Templar  
  108  18:39  Stalker x2  
  111  18:46  Disruptor  
  111  18:51  Stalker x4  
  111  18:53  Observer  
  119  18:58  Stalker x2  
Show
View Real Time Build Order
Export as new Build Order

DisK Protoss - Winner!

Build Orders: Oracle Opening 

Get SALT Encoding   

  12  0:00  Probe  
  13  0:12  Probe  
  14  0:17  Pylon  
  14  0:24  Probe  
  15  0:35  Gateway  
  15  0:36  Probe (Chrono Boost)  
  16  0:45  Probe (Chrono Boost)  
  16  0:46  Assimilator  
  17  0:50  Probe (Chrono Boost)  
  17  0:54  Assimilator  
  18  1:02  Probe (Chrono Boost)  
  19  1:08  Gateway  
  19  1:13  Probe (Chrono Boost)  
  19  1:17  Probe (Chrono Boost)  
  20  1:24  Cybernetics Core  
  21  1:29  Probe  
  22  1:36  Pylon  
  22  1:41  Probe  
  23  1:54  Probe  
  23  2:00  Stalker  
  23  2:01  Stalker  
  28  2:03  Warp Gate (Chrono Boost)  
  28  2:10  Pylon  
  28  2:17  Pylon  
  29  2:27  Pylon  
  29  2:36  Stargate  
  28  2:44  Probe  
  33  3:03  Nexus  
  29  3:07  Sentry  
  31  3:15  Shield Battery  
  31  3:18  Oracle (Chrono Boost)  
  34  3:27  Probe  
  34  3:32  Shield Battery  
  35  3:44  Probe  
  35  3:48  Oracle  
  39  3:56  Probe  
  40  4:07  Stalker  
  42  4:12  Probe (Chrono Boost), Twilight Council  
  43  4:18  Probe (Chrono Boost)  
  43  4:24  Probe (Chrono Boost)  
  45  4:27  Probe (Chrono Boost)  
  45  4:29  Probe (Chrono Boost)  
  47  4:32  Probe (Chrono Boost), Forge  
  47  4:38  Probe, Stalker  
  49  4:43  Stalker  
  49  4:45  Probe  
  54  4:54  Probe  
  54  4:59  Probe  
  56  5:01  Assimilator  
  56  5:06  Probe  
  57  5:11  Probe  
  58  5:14  Nexus  
  58  5:18  Probe  
  58  5:19  Pylon  
  59  5:21  Protoss Ground Weapons Level 1 (Chrono Boost)  
  59  5:22  Blink (Chrono Boost)  
  59  5:23  Probe  
  60  5:32  Probe  
  61  5:37  Pylon  
  61  5:45  Gateway  
  61  5:46  Probe  
  61  5:47  Probe, Gateway  
  63  5:58  Stalker x2  
  63  6:01  Probe x2  
  69  6:06  Shield Battery  
  69  6:10  Pylon  
  69  6:14  Probe  
  69  6:15  Probe (Chrono Boost)  
  71  6:24  Gateway  
  71  6:26  Gateway  
  71  6:27  Probe (Chrono Boost)  
  71  6:28  Probe (Chrono Boost), Robotics Facility  
  74  6:33  Probe (Chrono Boost)  
  74  6:36  Probe x2 (Chrono Boost)  
  76  6:43  Probe  
  76  6:44  Probe  
  76  6:46  Stalker x2  
  82  6:48  Probe  
  82  6:51  Assimilator  
  83  6:55  Probe, Gateway  
  83  6:56  Probe  
  83  6:57  Gateway  
  83  7:00  Probe  
  86  7:02  Pylon  
  86  7:07  Probe  
  87  7:10  Protoss Ground Weapons Level 2 (Chrono Boost)  
  87  7:13  Zealot  
  87  7:14  Zealot x3  
  95  7:16  Charge (Chrono Boost)  
  95  7:18  Observer  
  96  7:23  Probe  
  95  7:33  Zealot  
  95  7:35  Pylon  
  94  7:37  Probe, Nexus  
  94  7:38  Probe  
  94  7:39  Pylon  
  94  7:41  Immortal  
  100  7:50  Templar Archives, Probe x2  
  102  7:53  Assimilator  
  102  7:54  Photon Cannon  
  102  7:55  Photon Cannon  
  102  7:58  Zealot  
  102  7:59  Zealot  
  102  8:01  Probe  
  107  8:07  Zealot x2  
  107  8:12  Zealot x2  
  113  8:17  Robotics Bay  
  115  8:22  Photon Cannon, Assimilator  
  115  8:27  Immortal  
  119  8:29  Stalker  
  117  8:44  Pylon  
  117  8:45  Pylon x3  
  117  8:49  Stalker  
  117  8:50  Stalker x3  
  117  8:51  Stalker  
  117  8:54  Probe  
  124  9:04  Observer  
  124  9:07  Adept x2  
  124  9:09  Probe x2  
  128  9:14  Pylon  
  128  9:16  Robotics Facility  
  128  9:17  High Templar x2, Disruptor  
  130  9:18  Pylon  
  130  9:21  Archon  
  130  9:22  Zealot x3  
  138  9:26  Probe x3  
  138  9:29  Shield Battery  
  138  9:31  Pylon  
  144  9:32  Protoss Ground Weapons Level 3 (Chrono Boost)  
  144  9:38  Probe x2  
  141  9:39  Probe  
  143  9:46  Gateway  
  143  9:49  Gateway  
  143  9:51  Pylon  
  143  9:53  Disruptor  
  143  9:56  Stalker x2  
  143  9:57  Stalker  
  152  10:01  Probe x2  
  152  10:02  Probe  
  152  10:05  Assimilator  
  155  10:07  Stalker  
  155  10:08  Stalker  
  155  10:10  Disruptor  
  162  10:17  Pylon  
  162  10:22  Stalker x4  
  162  10:23  Disruptor  
  162  10:26  Stalker  
  172  10:28  Stalker  
  177  10:36  Dark Shrine  
  177  10:37  Assimilator  
  177  10:49  Disruptor  
  177  10:54  Disruptor  
  180  10:57  Stalker x2  
  180  10:58  Zealot x3  
  180  11:01  Photon Cannon  
  193  11:05  Shield Battery  
  193  11:07  Photon Cannon  
  150  11:27  Stalker x9  
  160  11:35  Disruptor  
  160  11:36  Disruptor  
  166  11:42  Stalker  
  160  11:53  Zealot x8  
  121  12:23  Nexus  
  117  12:35  Disruptor  
  117  12:36  Disruptor, Stalker  
  117  12:37  Stalker x6  
  127  12:40  Stalker  
  127  12:43  Probe x2  
  141  12:44  Probe  
  142  12:51  Stalker  
  142  12:52  Stalker  
  146  12:58  Probe x2  
  146  12:59  Probe  
  141  13:18  Stalker  
  141  13:19  Stalker x4  
  149  13:22  Stalker x3  
  152  13:43  Disruptor x2  
  152  13:46  Dark Templar x4  
  145  14:19  Disruptor (Chrono Boost)  
  145  14:21  Stalker x9  
  145  14:22  Stalker  
  171  14:24  Disruptor (Chrono Boost)  
  171  14:25  Assimilator  
  167  14:36  Nexus  
  167  14:40  Pylon  
  167  14:50  Observer (Chrono Boost)  
  167  14:52  Disruptor (Chrono Boost)  
  171  15:11  Zealot x4  
  171  15:12  Zealot x4  
  171  15:13  Protoss Ground Armor Level 1 (Chrono Boost)  
  187  15:18  Probe  
  187  15:19  Probe x2  
  184  15:25  Disruptor  
  187  15:30  Pylon  
  187  15:48  Disruptor  
  182  16:01  Disruptor  
  156  16:13  Stalker x10  
  170  16:23  Disruptor  
  161  16:37  Zealot x9  
  161  16:38  Zealot  
  153  16:44  Observer  
  153  16:46  Probe x3  
  155  16:48  Photon Cannon  
  155  16:49  Photon Cannon, Shield Battery  
  155  16:51  Pylon  
  149  17:00  Observer  
  144  17:03  Zealot x9  
  144  17:07  Observer  
  163  17:12  Assimilator  
  163  17:13  Assimilator  
  163  17:19  Stalker  
  165  17:25  Stalker x4  
  165  17:26  Stalker x2  
  166  17:55  Disruptor x2  
  166  17:56  Stalker x5  
  166  17:57  Stalker x2  
  186  17:58  Pylon  
  181  18:31  Disruptor x2  
  181  18:32  Stalker  
  181  18:33  Stalker x8  
  181  19:20  Zealot x9  
Tags
 
Add a new tag
Caveats
  • Supply blocks, unpowered buildings, or Contaminate may cause inaccurate times.
  • Supply counts are checked every 10 seconds.